 Dungeon Crawl Stone Soup version 0.31-a0-1008-g5b978dac0e (webtiles) character file.

Game seed: 13467333157658198245

2032 Queen the Ducker (level 9, -1/88 (93) HPs)
             Began as a Merfolk Ice Elementalist on Nov 13, 2023.
             Was a Follower of Sif Muna.
             Slain by a kobold
             ... wielding a +0 short sword
              (3 damage)
             ... on level 7 of the Dungeon.
             The game lasted 00:34:47 (11544 turns).

Queen the Ducker (Merfolk Ice Elementalist)        Turns: 11544, Time: 00:34:48

HP:   -1/88 (93)    AC: 24    Str:  8    XL:     9   Next: 23%
MP:   4/17          EV:  2    Int: 19    God:    Sif Muna [*.....]
Gold: 367           SH:  0    Dex: 14    Spells: 6/18 levels left

rFire   . . .        a - +1 long sword of Biv Byan {flame, rC+}
rCold   + . .        (no shield)
rNeg    . . .        i - melded +0 robe
rPois   +            (helmet currently unavailable)
rElec   .            (cloak currently unavailable)
rCorr   .            (gloves currently unavailable)
SInv    +            (boots currently unavailable)
Will    +....        (no amulet)
Stlth   +++          x - ring of see invisible
HPRegen 0.34/turn    s - ring of willpower
MPRegen 0.15/turn

%: no passive effects
@: brilliant, tree-form, very slightly contaminated, hasted, lightly drained,
very quick
A: stationary, stasis, torment immunity, boosted hp, (nimble swimmer 2),
(mertail)
a: Renounce Religion, Channel Magic


You were on level 7 of the Dungeon.
You worshipped Sif Muna.
Sif Muna was aware of your devotion.
You were a tree.
You visited 1 branch of the dungeon, and saw 7 of its levels.

You collected 367 gold pieces.

Inventory:

Hand Weapons
 a - the +1 long sword of Biv Byan (weapon) {flame, rC+}
   (You took it off a hobgoblin on level 4 of the Dungeon)

   rC+:       It protects you from cold.
 b - a +4 scimitar of freezing
Armour
 i - a +0 robe (melded)
Jewellery
 g - a +6 ring of dexterity
 m - a ring of resist corrosion
 p - a +6 ring of dexterity
 s - a ring of willpower (right branch)
 t - a +6 ring of dexterity
 x - a ring of see invisible (left branch)
 y - an amulet of faith
Wands
 o - a wand of light (8)
 A - a wand of flame (19)
Scrolls
 f - a scroll of amnesia {unknown}
 j - a scroll of revelation {unknown}
 l - 2 scrolls of fog {unknown}
 n - a scroll of torment {unknown}
 r - a scroll of butterflies {unknown}
 B - a scroll of brand weapon {unknown}
 C - a scroll of silence {unknown}
 D - a scroll of vulnerability {unknown}
Potions
 c - a potion of curing
 d - a potion of might
 e - 2 potions of attraction
 h - a potion of enlightenment
 k - 2 potions of haste
 q - a potion of resistance
 v - a potion of lignification
 w - a potion of magic


   Skills:
 + Level 2.7 Fighting
 + Level 3.6 Long Blades
 + Level 7.5 Dodging
 + Level 6.9 Stealth
 + Level 5.4 Spellcasting
 + Level 7.4 Ice Magic


You had 6 spell levels left.
You knew the following spells:

 Your Spells              Type           Power      Damage    Failure   Level
a - Freeze                Ice            100%       1d10      1%          1
b - Ozocubu's Armour      Ice            50%        N/A       1%          3
c - Frozen Ramparts       Ice            100%       1d16      1%          3
d - Metabolic Englaciati  Hex/Ice        14%        N/A       58%         5

Your spell library contained the following spells:

 Spells                   Type           Power      Damage    Failure   Level
 Apportation              Tloc           14%        N/A       12%         1
 Lesser Beckoning         Tloc           14%        N/A       19%         2
 Summon Ice Beast         Ice/Summ       28%        N/A       26%         4
 Gell's Gravitas          Tloc           7%         N/A       34%         3
 Ignite Poison            Fire/Tmut/Pois 7%         N/A       34%         3
 Teleport Other           Tloc           7%         N/A       34%         3
 Sticky Flame             Conj/Fire      7%         2d3       75%         4
 Alistair's Intoxication  Tmut/Pois      4%         N/A       97%         5
 Borgnjor's Vile Clutch   Necr/Erth      3%         N/A       97%         5
 Simulacrum               Ice/Necr       14%        N/A       99%         6
 Eringya's Noxious Bog    Tmut/Pois      3%         4d6       100%        6
 Ignition                 Fire           3%         3d4       100%        8


Dungeon Overview and Level Annotations

Branches:
Dungeon (7/15)             Temple (0/1) D:5

Altars:
Dithmenos
Hepliaklqana
Makhleb
Okawaru
Qazlal
Sif Muna
Xom
Yredelemnul

Annotations:
D:1 exclusion: 2 downstairs
D:2 1 runed translucent door, Crazy Yiuf
D:3 exclusions: 2 doors and 2 downstairs
D:4 exclusion: 2 downstairs
D:5 exclusion: downstairs, Grinder
D:7 exclusion: wight


Innate Abilities, Weirdness & Mutations

You are a tree.
Your roots penetrate the ground, keeping you stationary.
You cannot be teleported.
You are immune to unholy pain and torment.
Your maximum health is greatly increased.
Your equipment is partially melded.
((You are very nimble when in or above water. (Stealth+, EV+, Speed+++)))
((Your lower body shifts to a powerful aquatic tail in water.))


Message History

The kobold brigand hits you but does no damage.
The kobold hits you but does no damage. x3
You closely miss the kobold brigand.
The kobold brigand is severely wounded.
The kobold hits you but does no damage. x3
The kobold brigand hits you but does no damage.
You barely miss the kobold brigand.
The kobold brigand is severely wounded.
The kobold hits you but does no damage. The kobold barely misses you.
The kobold hits you with a +0 club.
* * * LOW HITPOINT WARNING * * *
The kobold hits you but does no damage. x3
The kobold brigand hits you but does no damage.
You hit the kobold brigand. You burn the kobold brigand.
The kobold brigand is almost dead.
The kobold hits you with a +0 dagger.
* * * LOW HITPOINT WARNING * * *
The kobold hits you but does no damage. x4
You hit the kobold brigand. You burn the kobold brigand.
The kobold brigand is almost dead.
The kobold hits you but does no damage.
The kobold brigand hits you but does no damage.
The kobold hits you but does no damage. x4
You completely miss the kobold brigand.
The kobold brigand is almost dead.
The kobold hits you but does no damage. x2
The kobold brigand hits you but does no damage.
The kobold hits you but does no damage. x3
You barely miss the kobold brigand.
The kobold brigand is almost dead.
The kobold hits you with a +0 club.
* * * LOW HITPOINT WARNING * * *
The kobold barely misses you. The kobold hits you but does no damage.
The kobold brigand completely misses you.
The kobold hits you but does no damage. x2
You closely miss the kobold brigand.
The kobold brigand is almost dead.
The kobold completely misses you.
The kobold hits you but does no damage. x2
The kobold hits you with a +0 short sword.
You die...

.....####....... .
#........#.....# ..###.. .....
#........#.....###.....###.. .
#........#.....##.......#..###
#..............# ...........#.
###..............# .....#......
...............######...##......
..............KK..##.....#......
......).......K♣K)............#.
..#...........KKK)#.......#..###
#....$..........##.....###....
#.............####.###..#.....
#.............# ####.........
#.............# #.....#....
#...###.......# #.....##... #...
#.......# #.....#....
##.........


You could see a kobold brigand and 6 kobolds.

Vanquished Creatures
  Sigmund (D:4)
  Menkaure (D:7)
  2 sky beasts
  2 black bears
  A centaur (D:7)
  An ogre (D:4)
  A phantom (D:6)
  2 bullfrogs (D:7)
  A scorpion (D:7)
  A gnoll sergeant (D:5)
  6 wights
  3 orc priests
  4 jellies
  A sleepcap (D:6)
  6 orc wizards
  6 adders
  3 gnolls (D:5)
  A river rat (D:4)
  A shadow imp (D:6)
  4 ufetubi (D:5)
  A worm (D:2)
  4 dart slugs
  18 orcs
  6 endoplasms
  A giant cockroach (D:1)
  6 goblins
  12 hobgoblins
  4 jackals (D:3)
  2 quokkas
  8 ball pythons
  8 bats
  9 kobolds
  11 rats
138 creatures vanquished.

Notes
Turn   | Place    | Note
-------+----------+-------------------------------------------
     0 | D:1      | Queen the Merfolk Ice Elementalist began the quest for the
                  | Orb.
     0 | D:1      | Reached XP level 1. HP: 13/13 MP: 3/3
   196 | D:1      | Reached XP level 2. HP: 17/19 MP: 3/5
   519 | D:1      | Found a faded altar of an unknown god.
  1059 | D:1      | Found a faded altar of an unknown god.
  1736 | D:2      | Reached XP level 3. HP: 24/24 MP: 4/6
  1794 | D:2      | Learned a level 3 spell: Ozocubu's Armour
  2354 | D:2      | Found a runed translucent door.
  2355 | D:2      | Noticed Crazy Yiuf
  3168 | D:3      | Noticed Sigmund
  3193 | D:3      | Reached XP level 4. HP: 30/30 MP: 1/7
  3434 | D:3      | Learned a level 3 spell: Frozen Ramparts
  3628 | D:3      | Reached skill level 5 in Ice Magic
  3674 | D:3      | Noticed a phantom
  3966 | D:3      | Reached XP level 5. HP: 35/35 MP: 0/9
  5639 | D:4      | Noticed an ogre
  5681 | D:4      | Reached XP level 6. HP: 40/41 MP: 3/10
  5878 | D:4      | Killed Sigmund
  5879 | D:4      | Reached skill level 5 in Dodging
  5957 | D:4      | Identified the +1 long sword of Biv Byan {flame, rC+}
  6169 | D:4      | Reached XP level 7. HP: 26/46 MP: 3/12
  6672 | D:5      | Identified the of Xops
  6672 | D:5      | Entered Level 5 of the Dungeon
  6681 | D:4      | Learned a level 5 spell: Metabolic Englaciation
  7826 | D:5      | Found a shimmering altar of Xom.
  7885 | D:5      | Reached skill level 5 in Stealth
  7981 | D:5      | Noticed Grinder
  7986 | D:5      | Found a burning altar of Makhleb.
  8206 | D:5      | Found a basalt altar of Yredelemnul.
  8206 | D:5      | Found an iron altar of Okawaru.
  8586 | D:5      | Found a hazy altar of Hepliaklqana.
  8673 | D:5      | Found a staircase to the Ecumenical Temple.
  8757 | D:5      | Found a shimmering blue altar of Sif Muna.
  8761 | D:5      | Became a worshipper of Sif Muna the Loreminder
  8770 | D:5      | Reached XP level 8. HP: 52/52 MP: 9/14
  8812 | D:5      | Found a shimmering blue altar of Sif Muna.
  8852 | D:5      | Found a burning altar of Makhleb.
  8902 | D:5      | Found a shimmering altar of Xom.
  8992 | D:5      | Found a staircase to the Ecumenical Temple.
  9033 | D:5      | Found a hazy altar of Hepliaklqana.
  9183 | D:5      | Paralysed by Grinder for 4 turns
  9736 | D:6      | Reached skill level 1 in Long Blades
 10089 | D:6      | Reached skill level 1 in Fighting
 10189 | D:6      | Found a shadowy altar of Dithmenos.
 10221 | D:6      | Found a stormy altar of Qazlal.
 10567 | D:6      | Found a stormy altar of Qazlal.
 10604 | D:6      | Found a shadowy altar of Dithmenos.
 10817 | D:6      | Reached skill level 5 in Spellcasting
 11122 | D:7      | Noticed Menkaure
 11180 | D:7      | Reached XP level 9. HP: 59/61 MP: 12/16
 11266 | D:7      | Killed Menkaure
 11460 | D:7      | Reached * piety under Sif Muna
 11540 | D:7      | HP: 4/88 [kobold/+0 dagger (1)]
 11544 | D:7      | Slain by a kobold

Illustrated notes

Levels and vault maps discovered:
D:1:      lightli_iron_boxes, layout_basic,
          shapermc_ecumenical_altar_mp_urbaneastern, minivault_19,
          minmay_misc_feat_five
D:2:      layout_loops_ring, uniq_crazy_yiuf_cottage
D:3:      layout_basic, minmay_mini_jars, uniq_sigmund
D:4:      layout_layer_cave, portal_sewer_entry_c
D:5:      layout_rooms, led_sif_book, kennysheep_mini_moat,
          mainiacjoe_overflow_brackets, old_standard_altar,
          nicolae_overflow_hidden_temple, minmay_temple_entry_mist,
          grunt_decor_cap, uniq_grinder
D:6:      layout_cave_pools, mainiacjoe_overflow_two_lobes
D:7:      nicolae_cairo_tiling_large_dashed, layout_basic, uniq_menkaure

Skill      XL: |  1  2  3  4  5  6  7  8 |
---------------+-------------------------+-----
Dodging        | 3 4 5 6 7 |  7.5
Stealth        | 3 4 5 6 |  6.9
Ice Magic      | 5 6 7 |  7.4
Spellcasting   | 3 4 5 |  5.4
Long Blades    | 3 |  3.6
Fighting       | 2 |  2.7

Action                     |  1- 3 |  4- 6 |  7- 9 || total
---------------------------+-------+-------+-------++-------
  Melee: Unarmed           |    25 |       |       ||    25
         Short sword       |     6 |    24 |       ||    30
         Tailslap          |       |     1 |       ||     1
         Long sword        |       |       |    92 ||    92
         Punch             |       |       |     1 ||     1
   Cast: Freeze            |    51 |    55 |    79 ||   185
         Ozocubu's Armour  |     1 |     5 |    19 ||    25
         Frozen Ramparts   |       |     6 |    16 ||    22
         Metabolic Englaci |       |       |     1 ||     1
    Use: Potion            |     1 |       |     4 ||     5
         Scroll            |       |     4 |     1 ||     5
   Stab: Sleeping          |     4 |     5 |     3 ||    12
 Armour: Robe              |    20 |    26 |   121 ||   167
         Skin              |       |       |    46 ||    46
  Dodge: Dodged            |    43 |    41 |   191 ||   275

Table legend: (Time is in decaauts)
 A = Elapsed time spent in this place.
 B = Non-inter-level travel time spent in this place.
 C = Inter-level travel time spent in this place.
 D = Time resting spent in this place.
 E = Time spent auto-exploring this place.
 F = Levels seen in this place.
 G = Mean time per level.
                   A        B        C        D        E       F      G
               +--------+--------+--------+--------+--------+-----+--------+
         Total |  11566 |  10713 |    853 |   2094 |   6942 |   7 | 1652.3 |
       Dungeon |  11566 |  10713 |    853 |   2094 |   6942 |   7 | 1652.3 |
               +--------+--------+--------+--------+--------+-----+--------+

Top non-repeatable levels by time:
     D:4: 2753 daAuts
     D:3: 1980 daAuts
     D:1: 1822 daAuts
     D:6: 1614 daAuts
     D:5: 1492 daAuts
     D:2: 1299 daAuts
     D:7: 603 daAuts
